 Dungeon Crawl Stone Soup version 0.31-a0-744-gbc345e7 (webtiles) character file.

Game seed: 15833827116151888007

221 BarneyGumball the Digger (level 5, -1/31 HPs)
             Began as an Octopode Earth Elementalist on Sept 13, 2023.
             Was an Initiate of Vehumet.
             Shot with an arrow by a centaur (11 damage)
             ... on level 5 of the Dungeon.
             The game lasted 00:13:21 (3527 turns).

BarneyGumball the Digger (OpEE)                     Turns: 3527, Time: 00:13:22

Health: -1/31      AC:  1    Str:  7    XL:     5   Next: 98%
Magic:  8/8        EV: 18    Int: 20    God:    Vehumet [......]
Gold:   268        SH:  0    Dex: 12    Spells: 4/8 levels left

rFire   . . .        f - +0 dagger
rCold   . . .        (no shield)
rNeg    . . .        (helmet restricted)
rPois   .            (no amulet)
rElec   .            j - +5 ring of evasion
rCorr   .            (no ring)
SInv    .            (no ring)
Will    .....        (no ring)
Stlth   +++          (no ring)
HPRegen 0.25/turn    (no ring)
MPRegen 0.11/turn    (no ring)
                     (no ring)

%: no passive effects
@: about to teleport
A: almost no armour, amphibious, 8 rings, camouflage 1, gelatinous body 1,
(nimble swimmer 1), tentacles
a: Renounce Religion


You were on level 5 of the Dungeon.
You worshipped Vehumet.
Vehumet was noncommittal.
You visited 2 branches of the dungeon, and saw 6 of its levels.

You collected 268 gold pieces.

Inventory:

Hand Weapons
 f - a +0 dagger (weapon)
Missiles
 l - 8 poisoned darts (quivered)
Jewellery
 h - a ring of ice
 j - a +5 ring of evasion (left tentacle)
Talismans
 c - a flux talisman
Scrolls
 b - 3 scrolls of teleportation
 d - 3 scrolls of identify {unknown}
 e - 2 scrolls of fear {unknown}
 g - 2 scrolls of noise {unknown}
 k - a scroll of fog {unknown}
Potions
 a - 2 potions of magic
 i - a potion of enlightenment {unknown}
 m - a potion of heal wounds {unknown}


   Skills:
 - Level 2.0 Dodging
 - Level 2.6 Stealth
 - Level 2.0 Spellcasting
 + Level 3.7 Conjurations
 - Level 1.0 Transmutations
 + Level 5.0 Earth Magic


You had 4 spell levels left.
You knew the following spells:

 Your Spells              Type           Power      Damage    Failure   Level
a - Sandblast             Erth           44%        2d11      1%          1
b - Stone Arrow           Conj/Erth      38%        3d9       8%          3

Your spell library contained the following spells:

 Spells                   Type           Power      Damage    Failure   Level
 Magic Dart               Conj           68%        1d6       3%          1
 Passwall                 Tmut/Erth      11%        N/A       7%          2
 Shock                    Conj/Air       36%        1d5       8%          1
 Freeze                   Ice            8%         1d3       16%         1
 Hailstorm                Conj/Ice       9%         3d4       22%         3
 Call Imp                 Summ           4%         N/A       24%         2
 Mephitic Cloud           Conj/Pois/Air  7%         N/A       28%         3
 Petrify                  Tmut/Erth      14%        N/A       41%         4
 Frozen Ramparts          Ice            4%         1d1       43%         3
 Swiftness                Air            2%         N/A       43%         3
 Airstrike                Air            1%         2d(1-17)  83%         4


Dungeon Overview and Level Annotations

Branches:
Dungeon (5/15)             Temple (1/1) D:5

Altars:
Ashenzari
Cheibriados
Dithmenos
Elyvilon
Fedhas
Gozag
Hepliaklqana
Kikubaaqudgha
Makhleb
Nemelex Xobeh
Okawaru
Ru
Sif Muna
Trog
Uskayaw
Vehumet
Xom
Yredelemnul
Zin
The Shining One

Shops:
D:1 (

Annotations:
D:4 exclusion: phantom


Innate Abilities, Weirdness & Mutations

You cannot wear most types of armour.
You are amphibious.
You can wear up to eight rings at the same time.
Your skin changes colour to match your surroundings (Stealth+).
Your rubbery body absorbs attacks. (AC +1, EV +1)
((You are camouflaged when in or above water. (Stealth+)))
You have tentacles for arms and can constrict up to eight enemies at once.


Message History

The arrow barely misses you.
The centaur shoots an arrow.
The arrow barely misses you.
You climb downwards.
Welcome to the Ecumenical Temple!
Found six altars.
Found a staircase back to the Dungeon.
There is a staircase back to the Dungeon here.
Found a white marble altar of Elyvilon.
Found a hazy altar of Hepliaklqana and a bloodstained altar of Trog.
Found a radiant altar of Vehumet.
You enter the shallow water.
Found a glowing golden altar of the Shining One and an opulent altar of Gozag.
Found a sacrificial altar of Ru.
There is a radiant altar of Vehumet here.
You curl up in front of the altar of Vehumet.
Vehumet welcomes you!
Found a shimmering altar of Xom.
You enter the shallow water.
There is a staircase back to the Dungeon here.
You climb upwards.
Welcome back to the Dungeon!
You hear the hiss of flowing sand.
There is an entrance to an ossuary on this level.
Hurry and find it before the portal is buried!
The sleepcap releases spores at you.
You are engulfed in a cloud of soporific spores!
You fall asleep.
The centaur shoots an arrow.
The arrow hits you!
You wake up.
The sleepcap misses you.
The centaur shoots an arrow.
The arrow misses you.
There is a staircase to the Ecumenical Temple, spattered with blood here.
As you read the scroll labelled NAWOFOFRUAGH, it crumbles to dust.
You feel strangely unstable.
It was a scroll of teleportation.
The centaur shoots an arrow.
The arrow completely misses you. The sleepcap releases spores at you!
You are engulfed in a cloud of soporific spores!
You are unaffected.
Okay, then.
Okay, then.
Casting: Sandblast (safe; 1% risk of failure)
Confirm with . or Enter, or press ? or * to list all spells.
Okay, then.
A scorpion comes into view.
The centaur shoots an arrow.
The arrow hits you!
You die...

#..# #......###.. #..#
.s... +......'.... #..#
..... #......##..†
...... .##......##...
#..... ..#h.....##.#'
#.....# #..########.#.
.....###....# #.#.
#...#...#..#### #.#.
#.@...#......# #.#.
##.>f#####...###.#.
#.....#............
#...#...#..######.#.
#....###.........##.#.
#...# #.#..#.....##.#.
....% #...##.<...##.†.
c...#..#....#.....####.
....+................<.


You could see a black bear (wandering), a sleepcap, a centaur and a scorpion
(asleep).

Vanquished Creatures
  A scorpion (D:5)
  A hound (D:5)
  A sleepcap (D:4)
  6 adders
  A worm (D:3)
  2 dart slugs
  3 ball pythons (D:3)
  6 endoplasms
  5 giant cockroaches
  5 goblins
  4 hobgoblins
  4 kobolds
  A quokka (D:1)
  3 bats
  2 frilled lizards (D:1)
  3 rats
48 creatures vanquished.

Notes
Turn   | Place    | Note
-------+----------+-------------------------------------------
     0 | D:1      | BarneyGumball the Octopode Earth Elementalist began the
                  | quest for the Orb.
     0 | D:1      | Reached XP level 1. HP: 11/11 MP: 3/3
   113 | D:1      | Found Amar's Weapon Emporium.
   239 | D:1      | Reached skill level 1 in Conjurations
   239 | D:1      | Reached XP level 2. HP: 17/17 MP: 3/5
   862 | D:2      | Reached XP level 3. HP: 21/21 MP: 4/6
  1602 | D:2      | Reached skill level 4 in Earth Magic
  1602 | D:2      | Reached XP level 4. HP: 27/27 MP: 3/7
  1854 | D:3      | Learned a level 3 spell: Stone Arrow
  2163 | D:3      | Found a sparkling altar of Nemelex Xobeh.
  2621 | D:4      | Noticed a phantom
  2891 | D:4      | Reached XP level 5. HP: 16/31 MP: 3/8
  3255 | D:5      | Entered Level 5 of the Dungeon
  3379 | D:5      | Reached skill level 5 in Earth Magic
  3409 | D:5      | Noticed a black bear
  3491 | D:5      | Found a staircase to the Ecumenical Temple.
  3497 | D:5      | Noticed a centaur
  3500 | Temple   | Entered the Ecumenical Temple
  3512 | Temple   | Became a worshipper of Vehumet
  3527 | D:5      | Shot with an arrow by a centaur

Illustrated notes

Levels and vault maps discovered:
D:1:      minmay_arrival_wavy_path, layout_loops_ring, serial_shops,
          nicolae_shop_window_shopping
D:2:      layout_loops_ring, minmay_door_square
D:3:      layout_basic, mainiacjoe_overflow_six_doors_small
D:4:      layout_basic
D:5:      layout_basic, grunt_qazlal_sundering, minmay_temple_entry_arrows,
          serial_shops, shop, enter_ossuary_5
Temple:   nicolae_temple_bog_church

Skill      XL: |  1  2  3  4  5 |
---------------+----------------+-----
Conjurations   | 1 2 3 |  3.7
Earth Magic    | 4 5 |  5.0
Dodging        | |  2.0
Stealth        | |  2.6
Spellcasting   | |  2.0
Transmutations | |  1.0

Action                     |  1- 3 |  4- 6 || total
---------------------------+-------+-------++-------
  Melee: Mace              |     4 |       ||     4
         Tentacles         |     1 |     5 ||     6
         Dagger            |       |    21 ||    21
         Constrict         |       |     4 ||     4
   Cast: Sandblast         |    41 |    27 ||    68
    Use: Scroll            |       |     1 ||     1
   Stab: Sleeping          |       |     3 ||     3
 Armour: Skin              |     3 |    12 ||    15
  Dodge: Dodged            |     9 |    29 ||    38

Table legend: (Time is in decaauts)
 A = Elapsed time spent in this place.
 B = Non-inter-level travel time spent in this place.
 C = Inter-level travel time spent in this place.
 D = Time resting spent in this place.
 E = Time spent auto-exploring this place.
 F = Levels seen in this place.
 G = Mean time per level.
                   A        B        C        D        E       F      G
               +--------+--------+--------+--------+--------+-----+--------+
         Total |   3561 |   3401 |    160 |     51 |   2834 |   6 |  593.5 |
       Dungeon |   3536 |   3399 |    137 |     51 |   2834 |   5 |  707.2 |
        Temple |     24 |      1 |     23 |      0 |      0 |   1 |   24.0 |
               +--------+--------+--------+--------+--------+-----+--------+

Top non-repeatable levels by time:
     D:2: 924 daAuts
     D:1: 862 daAuts
     D:4: 847 daAuts
     D:3: 696 daAuts
     D:5: 206 daAuts
  Temple: 24 daAuts
